 Dungeon Sprint DCSS version 0.29-a0-468-ge57f7f99b4 (webtiles) character file.

Game seed: 18167233602255059908

515 mhtbhm the Protected (level 7, -7/70 HPs)
             Began as a Hill Orc Fighter on May 21, 2022.
             Was a Believer of Trog.
             Killed from afar by a burning bush (10 damage)
             ... with a puff of flame
             ... in the Dungeon (Sprint IV: "Fedhas' Mad Dash").
             The game lasted 00:01:05 (1122 turns).

mhtbhm the Protected (Hill Orc Fighter)             Turns: 1122, Time: 00:01:05

Health: -7/70      AC:  8    Str: 21    XL:     7   Next: 20%
Magic:  7/7        EV: 10    Int:  8    God:    Trog [**....]
Gold:   73         SH:  5    Dex: 10    Spells: 6/6 levels left

rFire   . . .      SeeInvis .   a - +0 war axe
rCold   . . .      Faith    .   c - +0 buckler
rNeg    . . .      Spirit   .   b - +0 scale mail
rPois   .          Reflect  .   (no helmet)
rElec   .          Harm     .   (no cloak)
rCorr   .          Rampage  .   (no gloves)
Will    .....      NoTele   +   (no boots)
Stlth   +.........              i - amulet of invisibility {+Inv}
HPRegen 0.21/turn               (no ring)
MPRegen 0.10/turn               (no ring)

@: mighty
A: no striking features
a: Renounce Religion, Evoke Invisibility, Berserk, Trog's Hand


You were in the Dungeon.
You worshipped Trog.
Trog was pleased with you.
You visited 1 branch You collected 73 gold pieces.

Inventory:

Hand Weapons
 a - a +0 war axe (weapon)
Armour
 b - a +0 scale mail (worn)
 c - a +0 buckler (worn)
Jewellery
 i - the amulet of invisibility (around neck) {+Inv}
   (You found it in the Dungeon)

   [amulet of nothing]

   +Inv:      It lets you turn invisible.
Scrolls
 j - a scroll of blinking
Potions
 e - a potion of attraction {unknown}
 g - a potion of haste
 h - 2 potions of magic


   Skills:
 + Level 9.2 Fighting
 + Level 8.2 Axes
 + Level 9.5 Armour
 + Level 1.2 Dodging
 + Level 3.2 Stealth
 + Level 8.1 Shields
 + Level 2.9 Evocations


You had 6 spell levels left.
You didn't know any spells.
Your spell library was empty.

Dungeon Overview and Level Annotations

Branches:
Dungeon (1/1)

Altars:
Cheibriados
Dithmenos
Elyvilon
Gozag
Hepliaklqana
Kikubaaqudgha
Makhleb
Nemelex Xobeh
Okawaru
Qazlal
Ru
Sif Muna
Trog
Uskayaw
Vehumet
Wu Jian
Xom
Yredelemnul
Zin
The Shining One
Beogh
Jiyva
Lugonu

Shops:
D (:


Message History

Unknown command.
You slash the wandering mushroom!
The wandering mushroom is almost destroyed.
You feel sick.
You are no longer poisoned.
The wandering mushroom barely misses you.
Unknown command.
You hit the wandering mushroom.
You destroy the wandering mushroom!
Trog accepts your kill.
Your Fighting skill increases to level 9!
Your Axes skill increases to level 8!
Your Armour skill increases to level 9!
Your Stealth skill increases to level 3!
Your Shields skill increases to level 8!
You have reached level 7!
You slash the burning bush!
The burning bush is moderately damaged.
You hit the burning bush but do no damage.
The burning bush is moderately damaged.
You hit the burning bush.
The burning bush is moderately damaged.
The burning bush throws fire at you. The puff of flame hits you.
* * * LOW HITPOINT WARNING * * *
You slash the burning bush!
The burning bush is severely damaged.
You completely miss the burning bush.
The burning bush is severely damaged.
You hit the burning bush.
The burning bush is severely damaged.
The burning bush throws fire at you. The puff of flame hits you!
* * * LOW HITPOINT WARNING * * *
Unknown command.
Okay, then.
You hit the burning bush.
The burning bush is almost destroyed.
The burning bush throws fire at you. The puff of flame hits you!
You die...

###################
_._.⌠.#.))...#....#
._._..'.)#$.$#..@P+
_._...#..###'##.?/#
._._..#..##∩∩.'..f#
_._.⌠.#############
#######


You could see a wandering mushroom and a burning bush.

Vanquished Creatures
  A wandering mushroom (D)
  3 scorpions (D)
  3 oklob saplings (D)
  2 spriggans (D)
  A river rat (D)
  A rat (D)
11 creatures vanquished.

Vanquished Creatures (others)
  2 fungi (D)
2 creatures vanquished.

Grand Total: 13 creatures vanquished

Notes
Turn   | Place    | Note
-------+----------+-------------------------------------------
     0 | D        | mhtbhm the Hill Orc Fighter began the quest for the Orb.
     0 | D        | Reached XP level 1. HP: 19/19 MP: 1/1
    10 | D        | Reached XP level 2. HP: 12/28 MP: 2/2
   386 | D        | Noticed an oklob sapling
   388 | D        | Killed an oklob sapling
   389 | D        | Reached skill level 5 in Fighting
   389 | D        | Reached skill level 5 in Armour
   389 | D        | Reached XP level 3. HP: 36/36 MP: 3/3
   635 | D        | Noticed a scorpion
   635 | D        | Found the amulet of invisibility {+Inv}
   645 | D        | Killed a scorpion
   646 | D        | Reached skill level 5 in Shields
   646 | D        | Reached XP level 4. HP: 34/45 MP: 4/4
   721 | D        | Found an opulent altar of Gozag.
   721 | D        | Found a hazy altar of Hepliaklqana.
   721 | D        | Found a burning altar of Makhleb.
   721 | D        | Found a roughly hewn altar of Beogh.
   721 | D        | Found a sparkling altar of Nemelex Xobeh.
   721 | D        | Found a snail-covered altar of Cheibriados.
   721 | D        | Found a sacrificial altar of Ru.
   721 | D        | Found a shimmering blue altar of Sif Muna.
   721 | D        | Found a shimmering altar of Xom.
   721 | D        | Found a basalt altar of Yredelemnul.
   722 | D        | Found a viscous altar of Jiyva.
   722 | D        | Found a bloodstained altar of Trog.
   722 | D        | Found an ornate altar of the Wu Jian Council.
   722 | D        | Noticed an oklob sapling priest
   723 | D        | Found an iron altar of Okawaru.
   723 | D        | Found a shadowy altar of Dithmenos.
   723 | D        | Found a glowing silver altar of Zin.
   724 | D        | Found an ancient bone altar of Kikubaaqudgha.
   724 | D        | Found a hide-covered altar of Uskayaw.
   725 | D        | Found a stormy altar of Qazlal.
   725 | D        | Found a white marble altar of Elyvilon.
   725 | D        | Found a glowing golden altar of the Shining One.
   726 | D        | Found a corrupted altar of Lugonu.
   726 | D        | Found a radiant altar of Vehumet.
   734 | D        | Killed an oklob sapling priest
   735 | D        | Reached skill level 5 in Axes
   735 | D        | Reached skill level 1 in Stealth
   735 | D        | Reached XP level 5. HP: 52/52 MP: 3/5
   738 | D        | Became a worshipper of Trog the Wrathful
   784 | D        | HP: 1/52 [oklob sapling wizard/splash of acid (29)]
   786 | D        | Reached skill level 1 in Evocations
  1090 | D        | Reached * piety under Trog
  1094 | D        | Reached XP level 6. HP: 44/61 MP: 6/6
  1095 | D        | Reached skill level 1 in Dodging
  1100 | D        | Found Miferph's Book Shop.
  1101 | D        | Found Zecwyum's Weapon Emporium.
  1104 | D        | Noticed a burning bush
  1104 | D        | Noticed a wandering mushroom
  1105 | D        | Noticed a wandering mushroom
  1108 | D        | Reached ** piety under Trog
  1114 | D        | Killed a wandering mushroom
  1115 | D        | Reached XP level 7. HP: 10/70 MP: 7/7
  1121 | D        | HP: 3/70 [burning bush/puff of flame (7)]
  1122 | D        | Killed from afar by a burning bush

Illustrated notes

Levels and vault maps discovered:
D:        dungeon_sprint_fedhas [sprint_temple]

Skill      XL: |  1  2  3  4  5  6 |
---------------+-------------------+-----
Fighting       | 4 5 6 7 8 9 |  9.2
Axes           | 3 4 5 6 8 |  8.2
Armour         | 4 5 6 7 8 9 |  9.5
Shields        | 4 5 6 7 8 |  8.1
Stealth        | 1 2 3 |  3.2
Evocations     | 1 2 |  2.9
Dodging        | 1 |  1.2

Action                   |  1- 3 |  4- 6 |  7- 9 || total
-------------------------+-------+-------+-------++-------
Melee: War axe           |    14 |    29 |     7 ||    50
 Abil: Evoke Invisibilit |       |     2 |       ||     2
  Use: Potion            |     2 |     2 |       ||     4
 Stab: Invisible         |       |     3 |       ||     3
Armor: Scale mail        |     3 |     1 |       ||     4
Dodge: Dodged            |     6 |     5 |       ||    11
Block: Buckler           |     3 |     4 |       ||     7

Table legend: (Time is in decaauts)
 A = Elapsed time spent in this place.
 B = Non-inter-level travel time spent in this place.
 C = Inter-level travel time spent in this place.
 D = Time resting spent in this place.
 E = Time spent auto-exploring this place.
 F = Levels seen in this place.
 G = Mean time per level.
                   A        B        C        D        E       F      G
               +--------+--------+--------+--------+--------+-----+--------+
         Total |   1146 |   1146 |      0 |    989 |      3 |   1 | 1146.0 |
       Dungeon |   1146 |   1146 |      0 |    989 |      3 |   1 | 1146.0 |
               +--------+--------+--------+--------+--------+-----+--------+

Top non-repeatable levels by time:
       D: 1146 daAuts
